 Dungeon Crawl Stone Soup version 0.23.2-1-ga50397a (webtiles) character file.

Game seed: 10591911557101566875

197 Fang the Skirmisher (level 5, -7/51 HPs)
             Began as a Gargoyle Berserker on Apr 24, 2019.
             Was a Believer of Trog.
             Mangled by an ogre
             ... wielding a +0 giant club
              (9 damage)
             ... on level 4 of the Dungeon.
             The game lasted 00:03:29 (2755 turns).

Fang the Skirmisher (Gargoyle Berserker)            Turns: 2755, Time: 00:03:29

Health: -7/51      AC: 15    Str: 26    XL:     5   Next: 75%
Magic:  5/5        EV:  8    Int:  8    God:    Trog [**....]
Gold:   143        SH:  0    Dex:  9    Spells: 4/4 levels left

rFire    . . .     SeeInvis .   a - +0 hand axe
rCold    . . .     Gourm    .   (no shield)
rNeg     + . .     Faith    .   b - +0 plate armour
rPois    ∞         Spirit   .   (no helmet)
rElec    +         Reflect  .   (no cloak)
rCorr    .         Harm     .   (no gloves)
MR       .....                  (no boots)
Stlth    ..........             (no amulet)
HPRegen  0.17/turn              (no ring)
MPRegen  0.09/turn              (no ring)

@: berserking, very quick
A: negative energy resistance 1, electricity resistance, unbreathing,
petrification resistance, rot immunity, AC +4
a: Berserk, Trog's Hand, Renounce Religion


You were on level 4 of the Dungeon.
You worshipped Trog.
Trog was pleased with you.
You were hungry.

You visited 1 branch of the dungeon, and saw 4 of its levels.

You collected 143 gold pieces.

Inventory:

Hand Weapons
 a - a +0 hand axe (weapon)
Armour
 b - a +0 plate armour (worn)
Scrolls
 d - 3 scrolls of identify {unknown}
 e - 2 scrolls of blinking {unknown}
 g - 6 scrolls of teleportation {unknown}
 h - a scroll of remove curse {unknown}
 k - a scroll of noise {unknown}
 m - a scroll of amnesia {unknown}
Potions
 i - a potion of mutation {unknown}
 j - 3 potions of invisibility {unknown}
 l - a potion of heal wounds {unknown}
 n - a potion of curing
Comestibles
 c - 12 rations
 f - a chunk of flesh


   Skills:
 + Level 4.4 Fighting
 + Level 3.6 Axes
 + Level 3.6 Armour
 + Level 2.7 Dodging


You had 4 spell levels left.
You didn't know any spells.
Your spell library was empty.

Dungeon Overview and Level Annotations

Branches:
Dungeon (4/15)
 Temple: D:4-7

Altars:
Ashenzari
Elyvilon
Yredelemnul
The Shining One


Innate Abilities, Weirdness & Mutations

You are resistant to torment.
Your stone body is resilient. (AC +4)
You are immune to poison.
You resist negative energy. (rN+)
You are resistant to electric shocks. (rElec)
You can survive without breathing.
You are immune to petrification.
You are immune to rotting.


Message History

The ogre is lightly wounded.
The ogre barely misses you.
You hit the ogre.
The ogre is lightly wounded.
The ogre hits you with a +0 giant club!!
Ouch! That really hurt!
* * * LOW HITPOINT WARNING * * *
You are too injured to fight recklessly!
A red film seems to cover your vision as you go berserk!
You feel yourself moving faster!
You feel mighty!
You are feeling hungry.
The crimson imp blinks!
The ogre hits you with a +0 giant club.
* * * LOW HITPOINT WARNING * * *
You are too injured to fight recklessly!
Your plate armour prevents you from hitting the ogre.
The ogre is lightly wounded.
You slash the ogre!
The ogre is severely wounded.
The crimson imp blinks!
The ogre hits you with a +0 giant club!
You die...

## .. .# ...
#######.# .(..
#.......##....
##.O...........
#...@?.........
#....5.........
#.#............
# #....<....##
#.........#
+.........#
#.......§$#
......(....#
........#####


You could see an ogre and a crimson imp.

Vanquished Creatures
  A phantom (D:3)
  Jessica (D:3)
  2 adders
  A worm (D:2)
  2 dart slugs
  2 leopard geckos
  A ball python (D:1)
  8 goblins
  7 hobgoblins
  6 jackals
  2 quokkas
  11 bats
  2 frilled lizards
  6 kobolds
  7 rats
  A spectral orc (D:3)
60 creatures vanquished.

Notes
Turn   | Place    | Note
-------+----------+-------------------------------------------
     0 | D:1      | Fang the Gargoyle Berserker began the quest for the Orb.
     0 | D:1      | Reached XP level 1. HP: 14/14 MP: 1/1
    77 | D:1      | Reached XP level 2. HP: 17/19 MP: 2/2
   743 | D:1      | Reached XP level 3. HP: 23/23 MP: 3/3
   890 | D:2      | Reached ** piety under Trog
   925 | D:2      | Found a glowing golden altar of the Shining One.
  1147 | D:2      | Found a white marble altar of Elyvilon.
  1525 | D:2      | Reached XP level 4. HP: 29/29 MP: 4/4
  1788 | D:3      | Found a shattered altar of Ashenzari.
  1928 | D:3      | Found a basalt altar of Yredelemnul.
  1933 | D:3      | Reached skill level 4 in Fighting
  2087 | D:3      | Noticed a phantom
  2326 | D:3      | Killed a phantom
  2326 | D:3      | Reached XP level 5. HP: 13/34 MP: 5/5
  2517 | D:3      | Noticed Jessica
  2551 | D:3      | Killed Jessica
  2746 | D:4      | Noticed an ogre
  2753 | D:4      | HP: 2/51 [ogre/+0 giant club (3)]
  2755 | D:4      | Mangled by an ogre

Skill      XL: |  1  2  3  4 |
---------------+-------------+-----
Axes           | 3 |  3.6
Dodging        | 2 |  2.7
Armour         | 3 |  3.6
Fighting       | 4 |  4.4

Action                   |  1- 3 |  4- 6 || total
-------------------------+-------+-------++-------
Melee: Hand axe          |   153 |   128 ||   281
Invok: Trog's Hand       |       |     1 ||     1
       Berserk           |       |     1 ||     1
  Eat: Chunk             |     2 |     2 ||     4
       Ration            |       |     1 ||     1
Armor: Animal skin       |     2 |       ||     2
       Plate armour      |   151 |   126 ||   277
Dodge: Dodged            |    67 |    52 ||   119
